 Dungeon Crawl Stone Soup version 0.29.0-4-gdea44cf6ec (webtiles) character file.

Game seed: 3891171920532800796

4676 qw the Grappler (level 10, -6/94 (96) HPs)
             Began as a Troll Cinder Acolyte on Sept 1, 2022.
             Was a Believer of Ignis.
             Mangled by a molten gargoyle
             ... wielding a +0 mace
              (19 damage)
             ... on level 9 of the Dungeon.
             The game lasted 00:03:30 (7020 turns).

qw the Grappler (Troll Cinder Acolyte)              Turns: 7020, Time: 00:03:30

HP:   -6/94 (96)    AC: 12    Str: 28    XL:     10   Next: 21%
MP:   10/10         EV:  9    Int: 10    God:    Ignis [**....]
Gold: 52            SH:  5    Dex:  5    Spells: 11/11 levels left

rFire   + . .      SeeInvis +     - Unarmed
rCold   . . .      Faith    .   (no shield)
rNeg    + . .      Spirit   .   a - +0 robe
rPois   .          Reflect  +   c - +1 hat
rElec   .          Harm     .   (no cloak)
rCorr   .          Rampage  .   (gloves unavailable)
Will    .....                   (boots unavailable)
Stlth   +.........              p - amulet of reflection
HPRegen 1.05/turn               f - ring of see invisible
MPRegen 0.12/turn               l - ring of positive energy

@: fiery-armoured, lightly drained
A: large, unfitting armour, claws 3, regeneration 1, shaggy fur 1, tough skin 1
a: Renounce Religion, Fiery Armour, Foxfire Swarm, Rising Flame


You were on level 9 of the Dungeon.
You worshipped Ignis.
Ignis was pleased with you.
You visited 1 branch of the dungeon, and saw 9 of its levels.

You collected 407 gold pieces.
You spent 355 gold pieces at shops.


Innate Abilities, Weirdness & Mutations

You are too large for most types of armour.
You have claws for hands.
Your natural rate of healing is unusually fast.
You are covered in fur. (AC +1)
You have tough skin. (AC +1)


   Skills:
 - Level 5.0 Fighting
 - Level 5.0 Throwing
 - Level 1.4 Dodging
 + Level 12.9 Unarmed Combat
 - Level 1.0 Spellcasting
 - Level 2.1 Fire Magic


You had 11 spell levels left.
You didn't know any spells.
Your spell library contained the following spells:

 Spells                   Type           Power      Damage    Failure   Level
 Scorch                   Fire           8%         2d5       22%         2

Inventory:

Missiles
 o - 3 boomerangs
 q - 4 large rocks (quivered)
Armour
 a - a +0 robe (worn)
 c - a +1 hat (worn)
Jewellery
 f - a ring of see invisible (left claw)
 l - a ring of positive energy (right claw)
 p - an amulet of reflection (around neck)
Scrolls
 d - 2 scrolls of identify
Potions
 b - 2 potions of haste
 g - a potion of cancellation
 h - 3 potions of curing
 j - a potion of invisibility {unknown}

Dungeon Overview and Level Annotations

Branches:
Dungeon (9/15)             Temple (0/1) D:5             Orc (0/2) D:9
   Lair: D:8-11

Altars:
Fedhas
Gozag
Kikubaaqudgha
Ru
Sif Muna

Shops:
D:6 **

Annotations:
D:6 3 runed translucent doors, qw's ghost, novice TrCA


Message History

You start resting.
HP restored.
Things that are here:
a +3 great sword; a +0 robe
Things that are here:
a +0 long sword; a +0 robe
Things that are here:
a +5 mace; a +0 robe
Things that are here:
a +0 long sword; a +0 robe Your fiery armour burns out.
A wight comes into view.
It is wielding a +4 hand axe of freezing.
Throw: 5 large rocks
Press: ? - help, Q - select action, (/) - cycle Shift-Dir - straight line, f - wight You throw a large rock.
The large rock hits the wight!
You destroy the wight!
You see here a +0 war axe of electrocution.
Things that are here:
a +4 hand axe of freezing; a +0 leather armour
There is an open door here.
Found a robe.
Enter note:
There is an open door here.
A molten gargoyle comes into view. It is wielding a +0 flail.
A molten gargoyle comes into view. It is wielding a +0 mace.
You see here a +0 dagger.
The molten gargoyle hits you with a +0 flail!!
You are engulfed in flames.
You resist.
You scratch the molten gargoyle but do no damage.
The molten gargoyle blasts magma at you!
The bolt of magma hits you!! You partially resist.
The molten gargoyle hits you with a +0 flail!
You are engulfed in flames.
You resist.
7019 ||| INVOKING Fiery Armour.
A protective cloak of flame settles atop you.
The molten gargoyle blasts magma at you!
The bolt of magma hits you!! You partially resist.
You barely miss the molten gargoyle.
The molten gargoyle hits you with a +0 mace!!
You die...

..#.¤~ ...#.~~ ...
..#.¤¤~
....######...#.~~
............#...~.
.............#.#.#
.........99.#.#.#
#
.........@.....##.
.........)........
...............##
###...........#
#####'#.....#
#.....#.)...#
#.....#.....#
##....#.....#
#....#.....#


You could see 2 molten gargoyles.

Vanquished Creatures
  A hornet (D:8)
  Prince Ribbit (D:5)
  Sigmund (D:5)
  4 yaks (D:8)
  2 wyverns (D:8)
  A steam dragon (D:8)
  Menkaure (D:5)
  Edmund (D:4)
  Duvessa (D:7)
  3 ice beasts
  An orc warrior (D:5)
  3 ogres
  A black bear (D:5)
  3 phantoms
  A bullfrog (D:6)
  A necrophage (D:5)
  A scorpion (D:6)
  13 wights
  8 killer bees
  Dowan (D:7)
  A howler monkey (D:4)
  7 orc priests
  4 iguanas
  4 orc wizards
  Ijyb (D:4)
  8 adders
  A worm (D:2)
  A dart slug (D:1)
  27 orcs
  7 endoplasms
  5 giant cockroaches
  5 hobgoblins
  4 jackals
  3 quokkas
  6 ball pythons
  6 bats
  A frilled lizard (D:2)
  9 goblins
  6 kobolds
  8 rats
163 creatures vanquished.

Vanquished Creatures (others)
  7 plants (D:6)
7 creatures vanquished.

Grand Total: 170 creatures vanquished

Notes
Turn   | Place    | Note
-------+----------+-------------------------------------------
     0 | D:1      | qw the Troll Cinder Acolyte began the quest for the Orb.
     0 | D:1      | Reached XP level 1. HP: 22/22 MP: 1/1
     0 | D:1      | 0 ||| qw: Version: 0.1-a-97-g2dd2ca4
     0 | D:1      | 0 ||| qw: Game counter: 4751
     0 | D:1      | 0 ||| qw: Always use a shield: true
     0 | D:1      | 0 ||| qw: God list: Okawaru
     0 | D:1      | 0 ||| qw: Allow faded altars: false
     0 | D:1      | 0 ||| qw: Do Orc after D:15 true
     0 | D:1      | 0 ||| qw: Do second Lair branch before Depths: true
     0 | D:1      | 0 ||| qw: Lair rune preference: random
     0 | D:1      | 0 ||| qw: Plans: Normal
     0 | D:1      | 0 ||| PLANNING D:1-11
   213 | D:1      | 213 ||| Stepping ~*~*~tactically~*~*~ (stealth).
   222 | D:1      | 222 ||| Stepping ~*~*~tactically~*~*~ (outnumbered).
   234 | D:1      | Reached XP level 2. HP: 29/29 MP: 2/2
   612 | D:1      | 612 ||| UPGRADING to +1 hat.
   617 | D:1      | 617 ||| DROPPING +1 hat.
   618 | D:1      | 618 ||| READING scroll labelled HOACO IBA MON.
   619 | D:1      | 619 ||| READING scroll labelled IJOOTI ADISI.
   620 | D:1      | 620 ||| READING scroll labelled CEMIXKO ACYT.
   621 | D:1      | 621 ||| READING scroll labelled GUOKUIRRYS.
   685 | D:2      | Reached skill level 4 in Unarmed Combat
   686 | D:2      | 686 ||| Stepping ~*~*~tactically~*~*~ (stealth).
   694 | D:2      | Reached XP level 3. HP: 24/36 MP: 3/3
   725 | D:2      | Found a faded altar of an unknown god.
   832 | D:2      | 832 ||| Stepping ~*~*~tactically~*~*~ (stealth).
  1176 | D:2      | Reached skill level 5 in Unarmed Combat
  1176 | D:2      | Reached XP level 4. HP: 44/44 MP: 4/4
  1319 | D:2      | 1319 ||| READING scroll labelled OMIWUU DUCKIE.
  1320 | D:2      | 1320 ||| READING scroll labelled EBRADABBEOHE.
  1324 | D:2      | 1324 ||| DRINKING 2 golden potions.
  1325 | D:2      | 1325 ||| READING 2 scrolls of identify.
  1325 | D:2      | 1325 ||| IDENTIFYING bubbling dark potion
  1326 | D:2      | 1326 ||| DROPPING potion of lignification.
  1363 | D:3      | 1363 ||| STAIRDANCE
  1534 | D:3      | 1534 ||| Stepping ~*~*~tactically~*~*~ (stealth).
  1535 | D:3      | 1535 ||| Stepping ~*~*~tactically~*~*~ (stealth).
  1539 | D:3      | 1539 ||| Stepping ~*~*~tactically~*~*~ (stealth).
  1647 | D:3      | Reached XP level 5. HP: 50/50 MP: 5/5
  1840 | D:3      | 1840 ||| Stepping ~*~*~tactically~*~*~ (stealth).
  2298 | D:3      | 2298 ||| UPGRADING to ring of see invisible.
  2299 | D:3      | 2299 ||| READING scroll labelled MYCZIO VAHOA.
  2300 | D:3      | 2300 ||| READING scroll labelled OGGEPN XYWN.
  2325 | D:3      | 2325 ||| DRINKING 2 silvery potions.
  2326 | D:3      | 2326 ||| READING 2 scrolls of identify.
  2326 | D:3      | 2326 ||| IDENTIFYING murky black potion
  2385 | D:4      | 2385 ||| Stepping ~*~*~tactically~*~*~ (stealth).
  2387 | D:4      | 2387 ||| Stepping ~*~*~tactically~*~*~ (stealth).
  2388 | D:4      | 2388 ||| Stepping ~*~*~tactically~*~*~ (stealth).
  2420 | D:4      | 2420 ||| Stepping ~*~*~tactically~*~*~ (stealth).
  2558 | D:4      | Reached skill level 6 in Unarmed Combat
  2743 | D:4      | Noticed Ijyb
  2744 | D:4      | 2744 ||| Stepping ~*~*~tactically~*~*~ (hiding).
  2751 | D:4      | 2751 ||| DRINKING potion of curing.
  2751 | D:4      | 2751 ||| (to cure confusion)
  2754 | D:4      | Killed Ijyb
  3120 | D:4      | Noticed Edmund
  3130 | D:4      | Killed Edmund
  3131 | D:4      | Reached skill level 7 in Unarmed Combat
  3131 | D:4      | Reached XP level 6. HP: 28/59 MP: 6/6
  3304 | D:4      | 3304 ||| DRINKING 2 smoky silvery potions.
  3305 | D:4      | 3305 ||| READING 2 scrolls of identify.
  3305 | D:4      | 3305 ||| IDENTIFYING smoky amethyst potion
  3306 | D:4      | 3306 ||| DROPPING potion of brilliance.
  3307 | D:4      | 3307 ||| DROPPING potion of degeneration.
  3338 | D:5      | Entered Level 5 of the Dungeon
  3405 | D:5      | Found a staircase to the Ecumenical Temple.
  3410 | D:5      | Noticed Prince Ribbit
  3411 | D:5      | 3411 ||| INVOKING Fiery Armour.
  3419 | D:5      | Killed Prince Ribbit
  3420 | D:5      | Reached skill level 8 in Unarmed Combat
  3420 | D:5      | Reached XP level 7. HP: 37/66 MP: 7/7
  3423 | D:5      | Reached skill level 3 in Fighting
  3459 | D:5      | Found a shimmering blue altar of Sif Muna.
  3527 | D:5      | Found an opulent altar of Gozag.
  3530 | D:5      | Noticed Menkaure
  3534 | D:5      | 3534 ||| INVOKING Fiery Armour.
  3541 | D:5      | Killed Menkaure
  3542 | D:5      | Reached skill level 9 in Unarmed Combat
  3603 | D:5      | Reached skill level 1 in Dodging
  3685 | D:5      | Noticed Sigmund
  3692 | D:5      | Killed Sigmund
  3693 | D:5      | Reached XP level 8. HP: 69/75 MP: 8/8
  3735 | D:5      | Reached skill level 10 in Unarmed Combat
  3768 | D:5      | Found a sacrificial altar of Ru.
  3856 | D:5      | 3856 ||| DRINKING 3 puce potions.
  3994 | D:6      | Found Sazifud's Assorted Antiques.
  4160 | D:6      | Found Ros Zuxt's Assorted Antiques.
  4193 | D:6      | 4193 ||| BUYING fizzy pink potion (19 gold).
  4193 | D:6      | Bought a fizzy pink potion for 19 gold pieces
  4193 | D:6      | 4193 ||| BUYING large ivory ring (110 gold).
  4193 | D:6      | Bought a large ivory ring for 110 gold pieces
  4193 | D:6      | 4193 ||| BUYING potion of curing (66 gold).
  4193 | D:6      | Bought a potion of curing for 66 gold pieces
  4193 | D:6      | 4193 ||| BUYING potion of curing (66 gold).
  4193 | D:6      | Bought a potion of curing for 66 gold pieces
  4193 | D:6      | 4193 ||| BUYING scroll labelled YSADANL FEIKHLY (22 gold).
  4193 | D:6      | Bought a scroll labelled YSADANL FEIKHLY for 22 gold pieces
  4193 | D:6      | 4193 ||| SHOPLISTING scroll of brand weapon (209 gold, have
                  | 13).
  4193 | D:6      | 4193 ||| SHOPLISTING scroll of enchant weapon (165 gold,
                  | have 13).
  4349 | D:6      | 4349 ||| Stepping ~*~*~tactically~*~*~ (stealth).
  4350 | D:6      | 4350 ||| FLEEEEING.
  4371 | D:6      | 4371 ||| Stepping ~*~*~tactically~*~*~ (stealth).
  4372 | D:6      | 4372 ||| Stepping ~*~*~tactically~*~*~ (stealth).
  4401 | D:6      | Reached skill level 11 in Unarmed Combat
  4412 | D:6      | 4412 ||| Stepping ~*~*~tactically~*~*~ (stealth).
  4419 | D:6      | 4419 ||| Stepping ~*~*~tactically~*~*~ (stealth).
  4467 | D:6      | Reached XP level 9. HP: 84/84 MP: 9/9
  4560 | D:6      | 4560 ||| Stepping ~*~*~tactically~*~*~ (hiding).
  4566 | D:6      | 4566 ||| INVOKING Fiery Armour.
  4569 | D:6      | Reached skill level 1 in Throwing
  4675 | D:6      | 4675 ||| FLEEEEING.
  4676 | D:6      | 4676 ||| FLEEEEING.
  4677 | D:6      | 4677 ||| FLEEEEING.
  4678 | D:6      | 4678 ||| FLEEEEING.
  4679 | D:6      | 4679 ||| FLEEEEING.
  4684 | D:6      | 4684 ||| FLEEEEING.
  4686 | D:6      | 4686 ||| FLEEEEING.
  4696 | D:6      | 4696 ||| Stepping ~*~*~tactically~*~*~ (outnumbered).
  4745 | D:6      | 4745 ||| INVOKING Fiery Armour.
  4796 | D:6      | Found a runed translucent gate.
  4796 | D:6      | Noticed qw's ghost (novice TrCA)
  4798 | D:6      | Found a runed translucent gate.
  4798 | D:6      | Found a runed translucent gate.
  4901 | D:6      | 4901 ||| DROPPING scarf of harm.
  4902 | D:6      | 4902 ||| UPGRADING to amulet of reflection.
  4907 | D:6      | 4907 ||| UPGRADING to ring of positive energy.
  4908 | D:6      | 4908 ||| READING 2 scrolls labelled YSADANL FEIKHLY.
  4909 | D:6      | 4909 ||| READING scroll labelled ZIVVUD TUHEUFF.
  4910 | D:6      | 4910 ||| DROPPING scroll of blinking.
  5120 | D:6      | 5120 ||| STAIRDANCE
  5164 | D:5      | 5164 ||| READING scroll labelled FULLUL BESMASO.
  5168 | D:6      | 5168 ||| STAIRDANCE
  5240 | D:6      | 5240 ||| Stepping randomly (stuck).
  5305 | D:7      | Reached skill level 3 in Throwing
  5368 | D:7      | Identified the +5 ring mail of Hairiness {rCorr Int+3}
  5391 | D:7      | Noticed Duvessa
  5391 | D:7      | Noticed Dowan
  5392 | D:7      | 5392 ||| INVOKING Fiery Armour.
  5401 | D:7      | Killed Duvessa
  5403 | D:7      | Killed Dowan
  5611 | D:7      | 5611 ||| Stepping ~*~*~tactically~*~*~ (stealth).
  5612 | D:7      | 5612 ||| Stepping ~*~*~tactically~*~*~ (hiding).
  5801 | D:7      | 5801 ||| READING scroll labelled NELONWI HISANO.
  5802 | D:7      | 5802 ||| READING 3 scrolls of identify.
  5802 | D:7      | 5802 ||| IDENTIFYING glowing yellow potion
  5803 | D:7      | 5803 ||| READING 2 scrolls of identify.
  5803 | D:7      | 5803 ||| IDENTIFYING bubbling sapphire potion
  5804 | D:7      | 5804 ||| DROPPING potion of flight.
  5805 | D:7      | 5805 ||| DROPPING potion of magic.
  5806 | D:7      | 5806 ||| Stepping randomly (stuck).
  5807 | D:7      | 5807 ||| Stepping ~*~*~tactically~*~*~ (cloud).
  5860 | D:6      | 5860 ||| BUYING scroll of teleportation (72 gold).
  5860 | D:6      | Bought a scroll of teleportation for 72 gold pieces
  5860 | D:6      | 5860 ||| SHOPLISTING scroll of teleportation (72 gold, have
                  | 24).
  5860 | D:6      | 5860 ||| READING scroll of teleportation.
  5914 | D:8      | 5914 ||| Stepping ~*~*~tactically~*~*~ (stealth).
  5915 | D:8      | 5915 ||| Stepping ~*~*~tactically~*~*~ (stealth).
  6035 | D:8      | 6035 ||| Stepping ~*~*~tactically~*~*~ (stealth).
  6039 | D:8      | 6039 ||| Stepping ~*~*~tactically~*~*~ (stealth).
  6044 | D:8      | 6044 ||| Stepping ~*~*~tactically~*~*~ (stealth).
  6048 | D:8      | 6048 ||| INVOKING Fiery Armour.
  6053 | D:8      | Reached skill level 12 in Unarmed Combat
  6063 | D:8      | 6063 ||| Stepping ~*~*~tactically~*~*~ (outnumbered).
  6164 | D:8      | Paralysed by a hornet for 1 turns
  6233 | D:8      | Reached XP level 10. HP: 96/96 MP: 10/10
  6625 | D:8      | 6625 ||| DROPPING ring of flight.
  6626 | D:8      | 6626 ||| DRINKING 2 fizzy pink potions.
  6727 | D:8      | 6727 ||| DROPPING potion of ambrosia.
  6782 | D:9      | Found an ancient bone altar of Kikubaaqudgha.
  6785 | D:9      | Found a blossoming altar of Fedhas.
  6841 | D:9      | Found a staircase to the Orcish Mines.
  6860 | D:9      | 6860 ||| INVOKING Fiery Armour.
  6861 | D:9      | 6861 ||| DRINKING 4 potions of curing.
  6861 | D:9      | 6861 ||| (to cure confusion)
  6863 | D:9      | 6863 ||| Stepping ~*~*~tactically~*~*~ (outnumbered).
  6864 | D:9      | 6864 ||| Stepping ~*~*~tactically~*~*~ (outnumbered).
  6867 | D:9      | 6867 ||| Stepping ~*~*~tactically~*~*~ (outnumbered).
  6869 | D:9      | 6869 ||| Stepping ~*~*~tactically~*~*~ (outnumbered).
  6870 | D:9      | 6870 ||| Stepping ~*~*~tactically~*~*~ (outnumbered).
  6872 | D:9      | 6872 ||| Stepping ~*~*~tactically~*~*~ (outnumbered).
  6885 | D:9      | 6885 ||| Stepping ~*~*~tactically~*~*~ (outnumbered).
  6886 | D:9      | 6886 ||| Stepping ~*~*~tactically~*~*~ (outnumbered).
  6887 | D:9      | 6887 ||| Stepping ~*~*~tactically~*~*~ (outnumbered).
  6888 | D:9      | 6888 ||| Stepping ~*~*~tactically~*~*~ (outnumbered).
  6888 | D:9      | HP: 21/96 [wight/+5 mace (9)]
  6889 | D:9      | 6889 ||| DRINKING potion of heal wounds.
  6890 | D:9      | 6890 ||| Stepping ~*~*~tactically~*~*~ (outnumbered).
  6891 | D:9      | 6891 ||| Stepping ~*~*~tactically~*~*~ (outnumbered).
  6892 | D:9      | 6892 ||| Stepping ~*~*~tactically~*~*~ (outnumbered).
  6893 | D:9      | 6893 ||| Stepping ~*~*~tactically~*~*~ (outnumbered).
  6894 | D:9      | 6894 ||| Stepping ~*~*~tactically~*~*~ (outnumbered).
  6896 | D:9      | 6896 ||| Stepping ~*~*~tactically~*~*~ (outnumbered).
  6897 | D:9      | 6897 ||| Stepping ~*~*~tactically~*~*~ (outnumbered).
  6903 | D:9      | 6903 ||| Stepping ~*~*~tactically~*~*~ (outnumbered).
  6905 | D:9      | HP: 16/94 [wight/+3 great sword (14)]
  6906 | D:9      | 6906 ||| Stepping ~*~*~tactically~*~*~ (outnumbered).
  7014 | D:9      | Noticed a molten gargoyle
  7015 | D:9      | Noticed a molten gargoyle
  7019 | D:9      | 7019 ||| INVOKING Fiery Armour.
  7019 | D:9      | HP: 12/94 [molten gargoyle/bolt of magma (22)]
  7020 | D:9      | Mangled by a molten gargoyle

Levels and vault maps discovered:
D:1:      elethiomel_arrival_maze, layout_basic
D:2:      layout_loops_cross, ebering_ecumenical_altar_rust,
          chequers_serial_rivers_room_b
D:3:      layout_loops_corners
D:4:      layout_basic, uniq_edmund, uniq_ijyb
D:5:      layout_rooms, mainiacjoe_overflow_catwalk_spiral,
          mainiacjoe_overflow_paths, minmay_temple_entry_large_hall,
          uniq_menkaure, uniq_sigmund, uniq_prince_ribbit1
D:6:      layout_loops_corners, ebering_ghost_rock_garden, serial_shops,
          nicolae_take_the_stairs, nicolae_shop_overgrown_old_shop,
          minmay_misc_feat_alley
D:7:      layout_rooms, uniq_duvessa
D:8:      layout_loops_ring
D:9:      layout_gridville, grunt_temple_overflow_growth_and_decay,
          nicolae_qazlal_general_emergency, nicolae_specific_store, minivault_8,
          uniq_erica

Skill      XL: |  1  2  3  4  5  6  7  8  9 |
---------------+----------------------------+-----
Unarmed Combat | 4 5 7 8 9 11 12 | 12.9
Fighting       | 3 4 5 |  5.0
Dodging        | 1 |  1.4
Throwing       | 5 |  5.0
Spellcasting   | |  1.0
Fire Magic     | |  2.1

Action                   |  1- 3 |  4- 6 |  7- 9 | 10-12 || total
-------------------------+-------+-------+-------+-------++-------
Melee: Unarmed           |    77 |   126 |   185 |    35 ||   423
       Punch             |       |     4 |    12 |     1 ||    17
Throw: Large rock        |       |       |    16 |     1 ||    17
       Boomerang         |       |       |     1 |       ||     1
Invok: Fiery Armour      |       |     1 |     5 |     2 ||     8
  Use: Scroll            |     4 |     7 |     7 |       ||    18
       Potion            |       |     4 |     1 |     3 ||     8
Armor: Robe              |    23 |    44 |    29 |    20 ||   116
Dodge: Dodged            |    17 |    40 |    56 |    33 ||   146
Block: Other             |       |       |    13 |     9 ||    22

Table legend:
 A = Non-vault XP
 B = Vault XP
 C = Vault XP percentage of total XP
 D = Non-vault monster count
 E = Vault monster count
 F = Vault count percentage of total count
                 A         B        C        D         E       F
            +---------+---------+-------+---------+---------+-------
      Total |    5620 |    1060 |  15.9 |     156 |       7 |   4.3
            +---------+---------+-------+---------+---------+-------
        D:1 |      28 |       0 |   0.0 |      18 |       0 |   0.0
        D:2 |      76 |       0 |   0.0 |      18 |       0 |   0.0
        D:3 |     105 |       0 |   0.0 |      21 |       0 |   0.0
        D:4 |     132 |     197 |  59.9 |      18 |       2 |  10.0
        D:5 |     779 |     650 |  45.5 |      13 |       3 |  18.8
        D:6 |    1351 |       0 |   0.0 |      26 |       0 |   0.0
        D:7 |     409 |     213 |  34.2 |      11 |       2 |  15.4
        D:8 |    1974 |       0 |   0.0 |      16 |       0 |   0.0
        D:9 |     766 |       0 |   0.0 |      15 |       0 |   0.0
            +---------+---------+-------+---------+---------+-------
